 Dungeon Crawl Stone Soup version 0.25-a0-949-gdd2af9e06e (webtiles) character file.

Game seed: 7306456861095551526, levelgen mode: deterministic

23589 Klapek the Geomancer (level 13, 0/76 HPs)
             Began as a Gargoyle Earth Elementalist on May 8, 2020.
             Was a High Priest of Vehumet.
             Slain by a phantasmal warrior (19 damage)
             ... led by a death knight
             ... on level 13 of the Dungeon.
             The game lasted 00:40:38 (15264 turns).

Klapek the Geomancer (Gargoyle Earth Elementalist) Turns: 15264, Time: 00:40:38

Health: 0/76       AC: 21    Str: 13    XL:     13   Next: 7%
Magic:  25/25      EV: 14    Int: 20    God:    Vehumet [*****.]
Gold:   330        SH:  0    Dex: 10    Spells: 15/29 levels left

rFire    + . .     SeeInvis +   I - +2 mace (drain)
rCold    + . .     Gourm    .   (no shield)
rNeg     + . .     Faith    .   c - +0 robe
rPois    ∞         Spirit   .   m - +0 helmet
rElec    +         Reflect  .   D - +2 cloak
rCorr    .         Harm     .   n - +2 pair of gloves
MR       .....                  (no boots)
Stlth    ++........             E - amulet of magic regeneration
HPRegen  0.62/turn              s - ring of protection from cold
MPRegen  0.44/turn              p - ring of Alaecik {rF+ rC- Slay+5 SInv}

@: about to teleport, vulnerable, very slightly contaminated
A: yellow scales 1, cold resistance 1, negative energy resistance 1,
regeneration 1, electricity resistance, unbreathing, petrification resistance,
rot immunity, AC +9
a: Renounce Religion


You were on level 13 of the Dungeon.
You worshipped Vehumet.
Vehumet was extremely pleased with you.
You were hungry.

You visited 2 branches of the dungeon, and saw 15 of its levels.
You also visited: Ossuary.

You collected 806 gold pieces.
You spent 476 gold pieces at shops.

Inventory:

Hand Weapons
 I - a +2 mace of draining (weapon)
 S - a +0 morningstar
 T - a +1 dire flail
Missiles
 L - a throwing net (quivered)
Armour
 c - a +0 robe (worn)
 m - a +0 helmet (worn)
 n - a +2 pair of gloves (worn)
 y - the +2 robe of Inaction {rC+++ Int-3 SInv}
   (You found it on level 5 of the Dungeon)

   It affects your intelligence (-3).
   It renders you almost immune to cold.
   It lets you see invisible.
 D - a +2 cloak (worn)
Jewellery
 a - an uncursed ring of see invisible
 h - an uncursed ring of ice
 i - an uncursed ring of wizardry
 p - the ring of Alaecik (right hand) {rF+ rC- Slay+5 SInv}
   (You found it on level 11 of the Dungeon)

   [ring of see invisible]

   It affects your accuracy and damage with ranged weapons and melee attacks
   (+5).
   It protects you from fire.
   It makes you vulnerable to cold.
   It lets you see invisible.
 s - a ring of protection from cold (left hand)
 C - an uncursed ring of wizardry
 E - an amulet of magic regeneration (around neck)
 H - an uncursed ring of resist corrosion
 K - an uncursed ring of fire
 P - an uncursed amulet of the acrobat
Wands
 e - a wand of flame (6)
 l - a wand of iceblast (12)
 o - a wand of enslavement (17)
 O - a wand of paralysis (9)
 R - a wand of disintegration (10)
Scrolls
 b - a scroll of fear
 f - 4 scrolls of amnesia
 k - 12 scrolls of remove curse
 r - 4 scrolls of teleportation
 t - 3 scrolls of blinking
 u - 2 scrolls of enchant weapon
 w - 5 scrolls of identify
 z - 5 scrolls of fog
Potions
 g - 2 potions of curing
 j - a potion of ambrosia
 q - 5 potions of brilliance
 v - 5 potions of haste
 x - 3 potions of might
 A - 3 potions of berserk rage
 B - 2 potions of stabbing
 G - a potion of magic
 J - 3 potions of flight
 Y - a potion of resistance
Miscellaneous
 N - a lightning rod (4/4)
 V - a phantom mirror
Comestibles
 d - 9 rations


   Skills:
 + Level 7.5 Fighting
 + Level 6.9 Maces & Flails
 - Level 6.0 Armour
 + Level 6.1 Dodging
 - Level 2.1 Stealth
 + Level 8.5 Spellcasting
 + Level 9.4 Conjurations
   Level 0.7 Transmutations
 * Level 3.8 Fire Magic
 + Level 11.2 Earth Magic
 - Level 6.0 Evocations


You had 15 spell levels left.
You knew the following spells:

 Your Spells              Type           Power        Failure   Level  Hunger
a - Sandblast             Erth           ######       1%          1    None
b - Stone Arrow           Conj/Erth      #####.       1%          3    None
c - Lee's Rapid Deconstr  Erth           ######....   1%          5    #####..
d - Bolt of Magma         Conj/Fire/Erth #####.....   2%          5    #####..

Your spell library contained the following spells:

 Spells                   Type           Power        Failure   Level  Hunger
 Passwall                 Tmut/Erth      ####....     1%          2    None
 Conjure Flame            Conj/Fire      #####...     1%          3    None
 Mephitic Cloud           Conj/Pois/Air  ###.....     1%          3    None
 Petrify                  Tmut/Erth      ####....     7%          4    ###....
 Apportation              Tloc           #.....       9%          1    None
 Poisonous Vapours        Pois/Air       #.....       12%         2    None
 Freezing Cloud           Conj/Ice/Air   ###.......   61%         6    ######.
 Ring of Flames           Chrm/Fire      ###.......   100%        7    #######


Dungeon Overview and Level Annotations

Branches:
Dungeon (14/15)            Temple (1/1) D:5            Lair (0/6) D:11
    Orc (0/2) D:11        Ossuary (visited)
 Vaults: D:13-14

Altars:
Ashenzari
Cheibriados
Dithmenos
Elyvilon
Fedhas
Gozag
Hepliaklqana
Kikubaaqudgha
Makhleb
Nemelex Xobeh
Okawaru
Qazlal
Ru
Sif Muna
Trog
Uskayaw
Vehumet
Wu Jian
Xom
Yredelemnul
Zin
The Shining One

Shops:
D:12 !

Annotations:
D:3 2 runed translucent doors, Turtleman12345's ghost, amateur OpTm


Innate Abilities, Weirdness & Mutations

You are resistant to torment.
Your stone body is resilient. (AC +9)
You are immune to poison.
You resist negative energy. (rN+)
You are resistant to electric shocks. (rElec)
You can survive without breathing.
You are immune to petrification.
You are immune to rotting.
You are partially covered in yellow scales. (AC +2)
Your flesh is cold resistant. (rC+)
Your natural rate of healing is unusually fast.


Message History

The phantasmal warrior hits you!
* * * LOW HITPOINT WARNING * * *
The phantasmal warrior closely misses you.
You feel much better. The phantasmal warrior hits you.
The phantasmal warrior closely misses you.
Okay, then.
Magic courses through your body. The phantasmal warrior hits you!
The phantasmal warrior hits you!!
* * * LOW HITPOINT WARNING * * *
Blink to where?
Press: ? - help, Dir - move target cursor You are very lightly contaminated with residual magic.
As you read the scroll of blinking, it crumbles to dust.
A skeletal warrior comes into view. It is wielding a +0 scimitar.
As you read the scroll of teleportation, it crumbles to dust.
You feel strangely unstable.
The phantasmal warrior blinks!
You feel better.
The phantasmal warrior blinks!
The phantasmal warrior blinks!
The phantasmal warrior hits you!!
You die...

.?...##.# #
.#...p..#.#####.# #
...............$# #
#....W.#W# # #....z #.#
## #...# #.###### #.
#...###§.....# #.
#######.W...#####.####.
#....W@........##.##...
###########.##.##.##.#.
#.##.##.##.#.
#.##.........
#.########... #.# #...
#.########.##
#..........# ##########


You could see a death knight (wandering), a skeletal warrior, 2 phantasmal
warriors and a wraith.

Vanquished Creatures
  An ogre mage (D:11)
  2 centaur warriors
  4 two-headed ogres
  A tengu warrior (D:13)
  A skeletal warrior (D:11)
  2 unseen horrors
  2 cyclopes
  A gargoyle (D:13)
  A centaur skeleton (D:10)
  A kobold demonologist (D:12)
  A komodo dragon (D:9)
  3 tengu conjurers
  A hornet (D:10)
  A troll (D:10)
  3 hippogriffs
  7 slime creatures
  Prince Ribbit (D:7)
  4 spriggans (D:9)
  A vampire (D:11)
  3 water elementals (D:11)
  18 yaks
  A wraith (D:11)
  3 hungry ghosts
  Menkaure (Ossuary)
  A vampire mosquito (D:11)
  A soldier ant (D:12)
  4 sky beasts
  6 orc warriors
  3 ice beasts
  An eye of draining (D:11)
  3 phantoms
  4 black bears
  5 centaurs
  13 ogres
  A crocodile (D:12)
  5 big kobolds
  10 bullfrogs
  A gnoll sergeant (D:10)
  A wyvern zombie (D:13)
  7 scorpions
  7 wights (D:11)
  4 electric eels (D:11)
  A howler monkey (D:7)
  A centaur zombie (D:9)
  4 crimson imps
  A bullfrog zombie (D:7)
  2 hounds
  A quasit (D:13)
  3 orc priests
  2 bullfrog skeletons
  A gnoll shaman (D:7)
  5 jellies
  Natasha (twice) (D:3)
  3 iguanas
  12 orc wizards
  6 worker ants
  A killer bee zombie (D:7)
  A hound zombie (D:7)
  2 hound skeletons
  4 mummies
  2 worker ant zombies
  10 gnolls
  18 adders
  2 shadow imps
  An ooze (D:1)
  2 adder skeletons
  An adder zombie (D:6)
  4 dart slugs
  7 leopard geckos
  36 orcs
  13 bats
  3 giant cockroaches
  2 gnoll zombies (Ossuary)
  4 hobgoblins
  13 jackals
  4 quokkas
  4 ball pythons
  2 frilled lizards
  2 gnoll skeletons (Ossuary)
  8 goblins
  3 goblin skeletons (Ossuary)
  7 goblin zombies (Ossuary)
  4 hobgoblin skeletons (Ossuary)
  7 hobgoblin zombies (Ossuary)
  A jackal skeleton (D:6)
  24 kobolds
  6 kobold skeletons (Ossuary)
  2 kobold zombies (Ossuary)
  2 orc skeletons (Ossuary)
  An orc zombie (Ossuary)
  A quokka skeleton (D:7)
  A quokka zombie (D:7)
  3 rats (D:1)
  7 rat skeletons (Ossuary)
  6 rat zombies (Ossuary)
  A spectral orc (D:3)
407 creatures vanquished.

Vanquished Creatures (others)
  A rat skeleton (Ossuary)
1 creature vanquished.

Grand Total: 408 creatures vanquished

Notes
Turn   | Place    | Note
-------+----------+-------------------------------------------
     0 | D:1      | Klapek the Gargoyle Earth Elementalist began the quest for
                  | the Orb.
     0 | D:1      | Reached XP level 1. HP: 10/10 MP: 3/3
   178 | D:1      | Reached skill level 4 in Earth Magic
   178 | D:1      | Reached XP level 2. HP: 6/15 MP: 1/5
   807 | D:1      | Reached XP level 3. HP: 16/19 MP: 4/6
  1333 | D:1      | Learned a level 3 spell: Stone Arrow
  1899 | D:2      | Reached skill level 1 in Conjurations
  1899 | D:2      | Reached XP level 4. HP: 24/24 MP: 5/8
  2076 | D:2      | Found a glowing silver altar of Zin.
  2077 | D:2      | Noticed an angel
  2332 | D:3      | Noticed a +0 hand axe
  2332 | D:3      | Noticed a +0 dagger
  2335 | D:3      | Found a hide-covered altar of Uskayaw.
  2548 | D:3      | Found a basalt altar of Yredelemnul.
  2604 | D:3      | Found a large runed translucent door.
  2604 | D:3      | Found a large runed translucent door.
  2608 | D:3      | Noticed Turtleman12345's ghost (amateur OpTm)
  2641 | D:3      | Reached skill level 5 in Earth Magic
  2754 | D:3      | Gained mutation: You are clumsy. (Dex -2) [potion of
                  | mutation]
  2754 | D:3      | Gained mutation: Your natural rate of healing is unusually
                  | fast. [potion of mutation]
  2754 | D:3      | Gained mutation: You possess an exceptional clarity of
                  | mind. [potion of mutation]
  2790 | D:3      | Noticed Natasha
  2800 | D:3      | Killed Natasha
  2800 | D:3      | Reached XP level 5. HP: 28/28 MP: 5/10
  2810 | D:3      | Learned a level 5 spell: Lee's Rapid Deconstruction
  3021 | D:3      | Noticed Natasha
  3031 | D:3      | Killed Natasha
  3296 | D:4      | Noticed a centaur
  3305 | D:4      | HP: 1/28 [centaur (2)]
  3312 | D:4      | Killed a centaur
  3312 | D:4      | Reached XP level 6. HP: 4/32 MP: 2/12
  3410 | D:4      | Noticed an orc warrior
  3523 | D:4      | Reached skill level 6 in Earth Magic
  3548 | D:4      | Reached XP level 7. HP: 21/36 MP: 1/13
  4361 | D:5      | Entered Level 5 of the Dungeon
  4385 | D:5      | Found a staircase to the Ecumenical Temple.
  4520 | D:5      | Reached skill level 5 in Spellcasting
  4520 | D:5      | Reached skill level 7 in Earth Magic
  4610 | D:5      | Found a sand-covered staircase.
  4620 | D:5      | Reached XP level 8. HP: 24/41 MP: 8/15
  4629 | Ossuary  | Entered an ossuary
  4991 | Ossuary  | Reached skill level 5 in Conjurations
  5211 | Ossuary  | Noticed Menkaure
  5214 | Ossuary  | Killed Menkaure
  5532 | D:5      | Got a fabulously ornate robe
  5543 | D:5      | Identified the +2 robe of Inaction {rC+++ Int-3 SInv} (You
                  | found it on level 5 of the Dungeon)
  5603 | D:5      | Found a stormy altar of Qazlal.
  5814 | Temple   | Entered the Ecumenical Temple
  5823 | Temple   | Became a worshipper of Vehumet
  5947 | D:6      | Reached skill level 1 in Fighting
  5947 | D:6      | Reached skill level 1 in Armour
  5968 | D:6      | Reached skill level 1 in Maces & Flails
  5968 | D:6      | Reached skill level 1 in Evocations
  6254 | D:6      | Found a blossoming altar of Fedhas.
  6338 | D:6      | Reached skill level 8 in Earth Magic
  6736 | D:6      | Reached XP level 9. HP: 47/48 MP: 15/17
  7289 | D:7      | Noticed Prince Ribbit
  7296 | D:7      | Killed Prince Ribbit
  7359 | D:7      | Found an opulent altar of Gozag.
  7523 | D:7      | Reached * piety under Vehumet
  7523 | D:7      | Offered knowledge of Shock by Vehumet.
  8002 | D:7      | Lost mutation: You possess an exceptional clarity of mind.
                  | [potion of mutation]
  8002 | D:7      | Lost mutation: You are clumsy. (Dex -2) [potion of
                  | mutation]
  8002 | D:7      | Gained mutation: You evolve. [potion of mutation]
  8002 | D:7      | Gained mutation: You are partially covered in yellow
                  | scales. (AC +2) [potion of mutation]
  8290 | D:7      | Gained mutation: Your flesh is cold resistant. (rC+)
                  | [evolution]
  8399 | D:8      | Found a white marble altar of Elyvilon.
  8663 | D:8      | Reached ** piety under Vehumet
  8714 | D:8      | Offered knowledge of Searing Ray by Vehumet.
  8714 | D:8      | Reached XP level 10. HP: 51/56 MP: 19/19
  9276 | D:9      | Found a shimmering blue altar of Sif Muna.
  9292 | D:9      | Identified Sif Muna's Volume of Displacement
  9355 | D:9      | Reached skill level 9 in Earth Magic
 10038 | D:9      | Offered knowledge of Inner Flame by Vehumet.
 10499 | D:10     | Entered Level 10 of the Dungeon
 10571 | D:10     | Reached *** piety under Vehumet
 10896 | D:10     | Reached skill level 5 in Armour
 10899 | D:10     | Reached XP level 11. HP: 62/62 MP: 19/21
 10907 | D:10     | Noticed a two-headed ogre
 10912 | D:10     | Reached skill level 5 in Fighting
 10913 | D:10     | Killed a two-headed ogre
 11000 | D:10     | Offered knowledge of Sticky Flame by Vehumet.
 11457 | D:11     | Noticed a centaur warrior
 11464 | D:11     | Killed a centaur warrior
 11464 | D:11     | Reached skill level 5 in Maces & Flails
 11530 | D:11     | Found a basalt altar of Yredelemnul.
 11552 | D:11     | Reached **** piety under Vehumet
 11908 | D:11     | Offered knowledge of Fulminant Prism by Vehumet.
 11908 | D:11     | Reached skill level 10 in Earth Magic
 11985 | D:11     | Lost mutation: You evolve. [evolution]
 12014 | D:11     | You fall into a shaft and drop 3 floors!
 12026 | D:14     | Noticed a purple ugly thing
 12027 | D:14     | Noticed a purple ugly thing
 12030 | D:14     | Noticed a purple ugly thing
 12061 | D:14     | Noticed a two-headed ogre
 12104 | D:14     | Noticed an unseen horror
 12110 | D:14     | Killed an unseen horror
 12110 | D:14     | Reached skill level 5 in Evocations
 12257 | D:13     | Noticed a tengu warrior
 12273 | D:13     | Killed a tengu warrior
 12273 | D:13     | Reached skill level 5 in Dodging
 12363 | D:13     | Noticed an unseen horror
 12368 | D:13     | Killed an unseen horror
 12368 | D:13     | Reached XP level 12. HP: 70/70 MP: 15/23
 12496 | D:12     | Found a blossoming altar of Fedhas.
 12626 | D:11     | Found a staircase to the Orcish Mines.
 12748 | D:11     | Found a glowing silver altar of Zin.
 13007 | D:11     | Reached ***** piety under Vehumet
 13010 | D:11     | Found an ancient bone altar of Kikubaaqudgha.
 13075 | D:11     | Found a staircase to the Lair.
 13127 | D:11     | Offered knowledge of Bolt of Magma by Vehumet.
 13329 | D:11     | Learned a level 5 spell: Bolt of Magma
 13451 | D:11     | Got a crude tin ring
 13452 | D:11     | Identified the ring of Alaecik {rF+ rC- Slay+5 SInv} (You
                  | found it on level 11 of the Dungeon)
 13529 | D:11     | Reached skill level 1 in Fire Magic
 13639 | D:11     | Noticed an ogre mage
 13641 | D:11     | Noticed a two-headed ogre
 13642 | D:11     | Noticed a two-headed ogre
 13643 | D:11     | Killed an ogre mage
 13653 | D:11     | Killed a two-headed ogre
 13655 | D:11     | Killed a two-headed ogre
 14202 | D:12     | Found Vorulan's Distillery.
 14213 | D:12     | Bought a potion of magic for 112 gold pieces
 14213 | D:12     | Bought 2 potions of heal wounds for 140 gold pieces
 14213 | D:12     | Bought a potion of haste for 140 gold pieces
 14213 | D:12     | Bought a potion of curing for 42 gold pieces
 14213 | D:12     | Bought a potion of curing for 42 gold pieces
 14368 | D:12     | Noticed a two-headed ogre
 14374 | D:12     | Killed a two-headed ogre
 14374 | D:12     | Reached skill level 11 in Earth Magic
 14671 | D:12     | Found a glowing golden altar of the Shining One.
 14770 | D:13     | Noticed a centaur warrior
 14787 | D:13     | Killed a centaur warrior
 14953 | D:13     | Reached XP level 13. HP: 63/76 MP: 6/25
 15264 | D:13     | Slain by a phantasmal warrior

Levels and vault maps discovered:
D:1:      dpeg_arrival_three_same_balls, layout_basic
D:2:      layout_rooms, zin_angel, first_ration
D:3:      layout_loops_ring, yredelemnul_forgotten_temple_becter,
          dancing_weapons_uskayaw, ebering_ghost_disaster_area, uniq_natasha
D:4:      layout_rooms
D:5:      layout_loops_ring, nicolae_qazlal_eye_of_the_storm,
          minmay_temple_entry_glass, gup_ossuary_entry_pyramid
D:6:      layout_basic, kennysheep_little_box
D:7:      layout_gridville, marbit_many_paths, uniq_prince_ribbit1
D:8:      layout_loops_cross, old_standard_altar
D:9:      kb_forest_paths, layout_long_grid, grunt_pizzeria,
          minmay_misc_feat_more_columns, led_sif_book
D:10:     layout_basic
D:11:     layout_basic, orc_0_dummy, basic_altar, hangedman_feature_mirror
D:12:     layout_basic, serial_shops, nicolae_shop_stone, basic_altar, tso_altar
D:13:     layout_loops_ring, ximxim_vaults_locker_room, palyth_stone_intersect
D:14:     orc_temple, layout_stronghold, nicolae_wwwww
Temple:   nicolae_temple_no_exploring_needed

Skill      XL: |  1  2  3  4  5  6  7  8  9 10 11 12 |
---------------+-------------------------------------+-----
Earth Magic    | 4 5 6 7 8 9 10 11 | 11.2
Spellcasting   | 3 4 5 6 7 8 |  8.5
Conjurations   | 1 2 3 4 5 6 7 8 9 |  9.4
Fighting       | 1 3 4 6 7 |  7.5
Armour         | 2 3 5 6 |  6.0
Maces & Flails | 1 3 4 5 6 |  6.9
Evocations     | 1 2 4 5 6 |  6.0
Dodging        | 2 3 4 5 6 |  6.1
Fire Magic     | 3 |  3.8
Stealth        | |  2.1
Transmutations | |  0.7

Action                   |  1- 3 |  4- 6 |  7- 9 | 10-12 | 13-15 || total
-------------------------+-------+-------+-------+-------+-------++-------
Melee: Unarmed           |     6 |       |       |       |       ||     6
       Dagger            |    52 |     3 |       |       |       ||    55
       Short sword       |       |    72 |   553 |    55 |       ||   680
       Mace              |       |       |       |   345 |    24 ||   369
 Cast: Sandblast         |    31 |    54 |   135 |    74 |       ||   294
       Stone Arrow       |       |     1 |    17 |   122 |     7 ||   147
       Lee's Rapid Decon |       |       |     5 |    43 |     4 ||    52
       Bolt of Magma     |       |       |       |     3 |       ||     3
Evoke: Wand              |       |       |     5 |     3 |     1 ||     9
       Lightning rod     |       |       |       |     1 |       ||     1
  Use: Potion            |     1 |     3 |     3 |     1 |     4 ||    12
       Scroll            |     3 |     6 |    10 |    12 |     2 ||    33
 Stab: Sleeping          |     6 |     3 |     5 |     2 |       ||    16
  Eat: Chunk             |     3 |     5 |    18 |    30 |     2 ||    58
       Ration            |       |       |     1 |     1 |       ||     2
Armor: Robe              |    37 |    37 |   301 |   268 |    10 ||   653
Dodge: Dodged            |    68 |    66 |   436 |   326 |    20 ||   916

Table legend:
 A = Non-vault XP
 B = Vault XP
 C = Vault XP percentage of total XP
 D = Non-vault monster count
 E = Vault monster count
 F = Vault count percentage of total count
                 A         B        C        D         E       F
            +---------+---------+-------+---------+---------+-------
      Total |   29310 |    4389 |  13.0 |     329 |      74 |  18.4
            +---------+---------+-------+---------+---------+-------
        D:1 |      50 |       0 |   0.0 |      26 |       0 |   0.0
        D:2 |      72 |       0 |   0.0 |      15 |       0 |   0.0
        D:3 |      75 |      36 |  32.4 |      14 |       2 |  12.5
        D:4 |     663 |       0 |   0.0 |      27 |       0 |   0.0
        D:5 |     480 |      18 |   3.6 |      14 |       1 |   6.7
        D:6 |    1293 |       0 |   0.0 |      27 |       0 |   0.0
        D:7 |    1095 |     314 |  22.3 |      42 |       2 |   4.5
        D:8 |     375 |       0 |   0.0 |      10 |       0 |   0.0
        D:9 |    2128 |    1540 |  42.0 |      24 |      14 |  36.8
       D:10 |    3550 |       0 |   0.0 |      32 |       0 |   0.0
       D:11 |    9808 |    2254 |  18.7 |      57 |       6 |   9.5
       D:12 |    2704 |       0 |   0.0 |      15 |       0 |   0.0
       D:13 |    5759 |       0 |   0.0 |      23 |       0 |   0.0
       D:14 |    1258 |       0 |   0.0 |       3 |       0 |   0.0
    Ossuary |       0 |     227 | 100.0 |       0 |      49 | 100.0
            +---------+---------+-------+---------+---------+-------
